Connexion

Phantoms vs Roadrunners

Created - 22 août 2023 at 05:55

Goals
1 2 3 T
Phantoms 0 0 4 4
Roadrunners 1 2 2 5
Shots
1 2 3 T
Phantoms 4 5 12 21
Roadrunners 11 13 16 40

GoalsPenalties
1st period
1. Roadrunners , Drake Caggiula 5 (Roland McKeown 5, Aleksi Saarela 5) at 6:01
Mac Hollowell (TUC) for Roughing (Minor) at 14:07
2nd period
2. Roadrunners , Lane Pederson 1 (Mac Hollowell 7, Nicolas Hague 1) at 2:43
3. Roadrunners , Gabriel Dumont 5 (Brad Hunt 3) at 19:46 (PP)
Justin Kirkland (TUC) for Holding (Minor) at 11:35
Ben Harpur (ADI) for Hooking (Minor) at 18:19
3rd period
4. Phantoms , Michael McCarron 3 (Kerby Rychel 4, Patrick Sieloff 4) at 8:56
5. Roadrunners , Gabriel Dumont 6 (Mac Hollowell 8, Scott Wilson 6) at 11:53 (PP)
6. Phantoms , Jarred Tinordi 1 (Adam Mascherin 5, Manuel Wiederer 2) at 12:45
7. Roadrunners , Kevin Roy 3 (Roland McKeown 6, Kole Lind 5) at 13:43
8. Phantoms , Adam Mascherin 4 (Jarred Tinordi 1, Manuel Wiederer 3) at 13:57
9. Phantoms , Tyler Sikura 4 (Jake Mccabe 13, Julien Gauthier 6) at 19:01
Ben Harpur (ADI) for Roughing (Minor) at 11:34
Roland McKeown (TUC) for Interference (Minor) at 15:43
Goalie Stats
Kevin Poulin (ADI), 35 saves from 40 shots - (0,875), L, 5-5-0, 59:23 minutes
Zachary Fucale (TUC), 17 saves from 21 shots - (0,810), W, 2-2-0, 60:00 minutes
3 StarsOfficial
1 - Gabriel Dumont (TUC)
2 - Jarred Tinordi (ADI)
3 - Adam Mascherin (ADI)
Referees : Rob Shick and Brad Meier
Linesman : Don Henderson and Mike Cvik
Game Note
No Game Note
Finance
Level 1 -- Attendance: 2000 (100,00%) -- Ticket Income 64 000 $
Level 2 -- Attendance: 996 (99,60%) -- Ticket Income 17 928 $
Total Attendance: 2996 (99,87%)
Total Ticket Income: 81 928 $
Other Income: 16 386 $
Total Income: 98 314 $



Team Name Goals Shots Shots Attemp Shots Blocked PIM HIT PP PK FO%
Phantoms 4214364250 / 3 (0%)250%
Roadrunners 5406346282 / 2 (100%)050%

Phantoms
Player Name POS G A P +/- PIM HIT SHT SB MP PP MP PP SHT PK MP PK SHT FO% FOT
Adam MascherinC/LW1121013016:380:0000:1900% 2
Ben HarpurD000-1471218:532:3110:0000% 0
Brady KeeperD000-1011219:392:3110:4400% 0
Curtis DouglasC000000000:110:1100:0000% 0
Jake MccabeD0110033024:303:2620:4610% 0
Jarred TinordiD1122011016:080:0000:3300% 0
Joshua JacobsD0000012024:543:2621:1000% 0
Julien GauthierRW0110032024:193:1401:000100% 3
Kerby RychelLW0110001018:252:3200:000100% 1
Logan HutskoRW000000001:590:0000:0000% 0
Lucas WallmarkC0001010016:190:0000:00047% 15
Luke HenmanC000000101:590:0000:00029% 7
Manuel WiedererC/RW0221010116:380:0000:1900% 1
Michael McCarronC/RW1010002018:252:3210:00050% 2
Patrick SieloffD0112020015:540:0000:1900% 0
Seth GriffithC/LW/RW0000020022:123:2500:4100% 2
Tyler SikuraC/LW1010012122:413:2501:10050% 32
Victor RaskC0000012018:282:3210:03059% 29
Roadrunners
Player Name POS G A P +/- PIM HIT SHT SB MP PP MP PP SHT PK MP PK SHT FO% FOT
Adam ErneLW/RW000101205:490:0000:000100% 1
Aleksi SaarelaC/LW011-2004023:410:5503:55047% 30
Alexander PetrovicD000-2041124:270:3203:0500% 0
Anthony GrecoLW/RW000-2014023:410:5503:55033% 9
Brad HuntD011-2001024:270:3203:0500% 0
Drake CaggiulaC/LW/RW101-2074021:480:5502:02025% 4
Gabriel DumontC/RW202-1023016:120:5130:000100% 1
Justin KirklandC/LW/RW0001221012:150:0000:00045% 11
Kevin RoyLW/RW1011003012:160:0000:0000% 0
Kole LindRW0111000012:160:0000:000100% 1
Lane PedersonC101101205:490:0000:00058% 12
Mac HollowellD022-1230119:481:1401:5200% 0
Morgan BarronC/LW000102005:490:0000:0000% 0
Nic DowdC/RW000-1001018:140:5102:02157% 23
Nicolas HagueD011-1041220:491:1402:5200% 0
Noah JuulsenD0002000015:440:0001:0000% 0
Roland McKeownD0222214014:430:0000:0000% 0
Scott WilsonC/LW011-1009016:120:5110:00050% 2



Play-by-Play

1st period


0:01 of 1st period - Julien Gauthier wins face-off versus Aleksi Saarela in neutral zone.
0:14 of 1st period - Alexander Petrovic is hit by Julien Gauthier and loses puck.
0:21 of 1st period - Shot by Julien Gauthier.
0:21 of 1st period - Shot Hit the Post.
1:02 of 1st period - Icing by Nicolas Hague.
1:03 of 1st period - Lucas Wallmark wins face-off versus Nic Dowd in Roadrunners zone.
1:08 of 1st period - Shot by Adam Mascherin.
1:08 of 1st period - Shot Misses the Net.
1:30 of 1st period - Shot by Lucas Wallmark.
1:30 of 1st period - Shot Misses the Net.
1:53 of 1st period - Icing by Lucas Wallmark.
1:54 of 1st period - Justin Kirkland wins face-off versus Lucas Wallmark in Phantoms zone.
1:59 of 1st period - Shot by Kevin Roy.
1:59 of 1st period - Shot Misses the Net.
2:18 of 1st period - Shot by Kevin Roy.
2:18 of 1st period - Stopped by Kevin Poulin without a rebound.
2:19 of 1st period - Lane Pederson wins face-off versus Michael McCarron in Phantoms zone.
2:19 of 1st period - Lane Pederson is hit by Ben Harpur.
2:31 of 1st period - Shot by Lane Pederson.
2:31 of 1st period - Stopped by Kevin Poulin with a rebound.
3:11 of 1st period - Shot by Aleksi Saarela.
3:11 of 1st period - Shot Misses the Net.
3:48 of 1st period - Icing by Jake Mccabe.
3:49 of 1st period - Tyler Sikura wins face-off versus Justin Kirkland in Phantoms zone.
3:54 of 1st period - Shot by Julien Gauthier.
3:54 of 1st period - Shot Misses the Net.
3:56 of 1st period - Shot by Jake Mccabe.
3:56 of 1st period - Shot Blocked by Nicolas Hague.
5:00 of 1st period - Nic Dowd is hit by Patrick Sieloff and loses puck.
5:17 of 1st period - Lucas Wallmark is hit by Alexander Petrovic and loses puck.
5:25 of 1st period - Icing by Lucas Wallmark.
5:26 of 1st period - Aleksi Saarela wins face-off versus Lucas Wallmark in Phantoms zone.
5:47 of 1st period - Shot by Drake Caggiula.
5:47 of 1st period - Shot Misses the Net.
6:01 of 1st period - Shot by Drake Caggiula.
6:01 of 1st period - Goal by Drake Caggiula - Phantoms : 0 - Roadrunners : 1.
6:02 of 1st period - Luke Henman wins face-off versus Lane Pederson in neutral zone.
6:06 of 1st period - Off-side.
6:07 of 1st period - Justin Kirkland wins face-off versus Tyler Sikura in neutral zone.
6:32 of 1st period - Shot by Kevin Roy.
6:32 of 1st period - Shot Misses the Net.
7:17 of 1st period - Off-side.
7:18 of 1st period - Nic Dowd wins face-off versus Victor Rask in neutral zone.
7:36 of 1st period - Icing by Noah Juulsen.
7:37 of 1st period - Luke Henman wins face-off versus Nic Dowd in Roadrunners zone.
7:51 of 1st period - Shot by Luke Henman.
7:51 of 1st period - Stopped by Zachary Fucale without a rebound.
7:52 of 1st period - Victor Rask wins face-off versus Aleksi Saarela in Roadrunners zone.
9:05 of 1st period - Shot by Scott Wilson.
9:05 of 1st period - Stopped by Kevin Poulin with a rebound.
9:11 of 1st period - Shot by Scott Wilson.
9:11 of 1st period - Shot Misses the Net.
9:13 of 1st period - Shot by Nic Dowd.
9:13 of 1st period - Deflect By Gabriel Dumont.
9:13 of 1st period - Shot Misses the Net.
9:15 of 1st period - Shot by Nicolas Hague.
9:15 of 1st period - Stopped by Kevin Poulin without a rebound.
9:16 of 1st period - Tyler Sikura wins face-off versus Lane Pederson in Phantoms zone.
9:16 of 1st period - Seth Griffith is hit by Adam Erne and loses puck.
10:46 of 1st period - Alexander Petrovic is hit by Julien Gauthier.
11:12 of 1st period - Jarred Tinordi is hit by Drake Caggiula and loses puck.
11:29 of 1st period - Shot by Aleksi Saarela.
11:29 of 1st period - Stopped by Kevin Poulin without a rebound.
11:30 of 1st period - Nic Dowd wins face-off versus Victor Rask in Phantoms zone.
11:40 of 1st period - Off-side.
11:41 of 1st period - Lucas Wallmark wins face-off versus Drake Caggiula in neutral zone.
12:10 of 1st period - Shot by Anthony Greco.
12:10 of 1st period - Stopped by Kevin Poulin without a rebound.
12:11 of 1st period - Victor Rask wins face-off versus Nic Dowd in Phantoms zone.
12:26 of 1st period - Roland McKeown is hit by Victor Rask and loses puck.
12:31 of 1st period - Shot by Scott Wilson.
12:31 of 1st period - Stopped by Kevin Poulin with a rebound.
13:01 of 1st period - Icing by Jake Mccabe.
13:02 of 1st period - Victor Rask wins face-off versus Aleksi Saarela in Phantoms zone.
13:12 of 1st period - Icing by Brad Hunt.
13:13 of 1st period - Aleksi Saarela wins face-off versus Lucas Wallmark in Roadrunners zone.
13:19 of 1st period - Alexander Petrovic is hit by Manuel Wiederer and loses puck.
13:42 of 1st period - Shot by Lucas Wallmark.
13:42 of 1st period - Shot Hit the Post.
13:50 of 1st period - Shot by Lucas Wallmark.
13:50 of 1st period - Shot Misses the Net.
13:52 of 1st period - Shot by Adam Mascherin.
13:52 of 1st period - Stopped by Zachary Fucale without a rebound.
13:53 of 1st period - Lane Pederson wins face-off versus Luke Henman in Roadrunners zone.
14:07 of 1st period - Minor Penalty to Mac Hollowell for Roughing.
14:08 of 1st period - Victor Rask wins face-off versus Anthony Greco in Roadrunners zone.
14:17 of 1st period - Shot by Jake Mccabe.
14:17 of 1st period - Stopped by Zachary Fucale without a rebound.
14:18 of 1st period - Tyler Sikura wins face-off versus Anthony Greco in Roadrunners zone.
15:05 of 1st period - Shot by Drake Caggiula.
15:05 of 1st period - Deflect By Nic Dowd.
15:05 of 1st period - Shot Misses the Net.
15:07 of 1st period - Shot by Nic Dowd.
15:07 of 1st period - Shot Misses the Net.
15:09 of 1st period - Shot by Drake Caggiula.
15:09 of 1st period - Deflect By Nic Dowd.
15:09 of 1st period - Stopped by Kevin Poulin without a rebound.
15:10 of 1st period - Victor Rask wins face-off versus Anthony Greco in Phantoms zone.
15:20 of 1st period - Icing by Joshua Jacobs.
15:21 of 1st period - Victor Rask wins face-off versus Anthony Greco in Phantoms zone.
15:46 of 1st period - Shot by Joshua Jacobs.
15:46 of 1st period - Stopped by Zachary Fucale without a rebound.
15:47 of 1st period - Tyler Sikura wins face-off versus Drake Caggiula in Roadrunners zone.
16:09 of 1st period - Icing by Mac Hollowell.
16:10 of 1st period - Justin Kirkland wins face-off versus Lucas Wallmark in Roadrunners zone.
16:10 of 1st period - Kevin Roy is hit by Lucas Wallmark and loses puck.
16:46 of 1st period - Off-side.
16:47 of 1st period - Tyler Sikura wins face-off versus Nic Dowd in neutral zone.
17:02 of 1st period - Shot by Scott Wilson.
17:02 of 1st period - Stopped by Kevin Poulin without a rebound.
17:03 of 1st period - Victor Rask wins face-off versus Aleksi Saarela in Phantoms zone.
17:42 of 1st period - Victor Rask is hit by Drake Caggiula and loses puck.
17:56 of 1st period - Patrick Sieloff is hit by Alexander Petrovic and loses puck.
18:19 of 1st period - Shot by Scott Wilson.
18:19 of 1st period - Shot Misses the Net.
18:21 of 1st period - Shot by Alexander Petrovic.
18:21 of 1st period - Stopped by Kevin Poulin without a rebound.
18:22 of 1st period - Lucas Wallmark wins face-off versus Lane Pederson in Phantoms zone.
18:22 of 1st period - Brady Keeper is hit by Lane Pederson and loses puck.
18:47 of 1st period - Icing by Brady Keeper.
18:48 of 1st period - Lucas Wallmark wins face-off versus Justin Kirkland in Phantoms zone.
19:18 of 1st period - Shot by Kole Lind.
19:18 of 1st period - Deflect By Kevin Roy.
19:18 of 1st period - Shot Misses the Net.
19:21 of 1st period - Icing by Ben Harpur.
19:22 of 1st period - Lucas Wallmark wins face-off versus Aleksi Saarela in Phantoms zone.
Goals for this period are 0 for Phantoms vs 1 for Roadrunners.
Shots for this period are 4 for Phantoms vs 11 for Roadrunners.

2nd period


0:01 of 2nd period - Tyler Sikura wins face-off versus Aleksi Saarela in neutral zone.
0:18 of 2nd period - Shot by Julien Gauthier.
0:18 of 2nd period - Stopped by Zachary Fucale without a rebound.
0:19 of 2nd period - Victor Rask wins face-off versus Scott Wilson in Roadrunners zone.
0:19 of 2nd period - Kerby Rychel is hit by Mac Hollowell and loses puck.
0:27 of 2nd period - Mac Hollowell is hit by Brady Keeper and loses puck.
0:54 of 2nd period - Gabriel Dumont is hit by Ben Harpur and loses puck.
1:24 of 2nd period - Drake Caggiula is hit by Ben Harpur and loses puck.
2:14 of 2nd period - Shot by Kole Lind.
2:14 of 2nd period - Shot Misses the Net.
2:16 of 2nd period - Shot by Roland McKeown.
2:16 of 2nd period - Stopped by Kevin Poulin without a rebound.
2:17 of 2nd period - Tyler Sikura wins face-off versus Lane Pederson in Phantoms zone.
2:17 of 2nd period - Julien Gauthier is hit by Morgan Barron and loses puck.
2:21 of 2nd period - Jake Mccabe is hit by Morgan Barron and loses puck.
2:27 of 2nd period - Icing by Nicolas Hague.
2:28 of 2nd period - Lane Pederson wins face-off versus Luke Henman in Roadrunners zone.
2:30 of 2nd period - Icing by Adam Erne.
2:31 of 2nd period - Tyler Sikura wins face-off versus Lane Pederson in Roadrunners zone.
2:31 of 2nd period - Joshua Jacobs is hit by Nicolas Hague.
2:43 of 2nd period - Shot by Lane Pederson.
2:43 of 2nd period - Goal by Lane Pederson - Phantoms : 0 - Roadrunners : 2.
2:44 of 2nd period - Aleksi Saarela wins face-off versus Lucas Wallmark in neutral zone.
2:51 of 2nd period - Joshua Jacobs is hit by Anthony Greco and loses puck.
2:56 of 2nd period - Shot by Aleksi Saarela.
2:56 of 2nd period - Stopped by Kevin Poulin with a rebound.
2:58 of 2nd period - Shot by Anthony Greco.
2:58 of 2nd period - Stopped by Kevin Poulin with a rebound.
3:00 of 2nd period - Shot by Aleksi Saarela.
3:00 of 2nd period - Shot Misses the Net.
3:15 of 2nd period - Off-side.
3:16 of 2nd period - Nic Dowd wins face-off versus Tyler Sikura in neutral zone.
3:36 of 2nd period - Julien Gauthier is hit by Mac Hollowell and loses puck.
3:41 of 2nd period - Shot by Tyler Sikura.
3:41 of 2nd period - Shot Misses the Net.
3:43 of 2nd period - Shot by Patrick Sieloff.
3:43 of 2nd period - Shot Blocked by Mac Hollowell.
3:58 of 2nd period - Julien Gauthier is hit by Nicolas Hague and loses puck.
5:54 of 2nd period - Off-side.
5:55 of 2nd period - Lane Pederson wins face-off versus Tyler Sikura in neutral zone.
6:12 of 2nd period - Shot by Adam Erne.
6:12 of 2nd period - Stopped by Kevin Poulin without a rebound.
6:13 of 2nd period - Nic Dowd wins face-off versus Luke Henman in Phantoms zone.
6:13 of 2nd period - Nic Dowd is hit by Ben Harpur.
6:39 of 2nd period - Off-side.
6:40 of 2nd period - Victor Rask wins face-off versus Aleksi Saarela in neutral zone.
6:55 of 2nd period - Shot by Kerby Rychel.
6:55 of 2nd period - Shot Misses the Net.
7:04 of 2nd period - Off-side.
7:05 of 2nd period - Tyler Sikura wins face-off versus Nic Dowd in neutral zone.
7:05 of 2nd period - Brady Keeper is hit by Gabriel Dumont and loses puck.
7:18 of 2nd period - Gabriel Dumont is hit by Ben Harpur and loses puck.
7:23 of 2nd period - Shot by Scott Wilson.
7:23 of 2nd period - Stopped by Kevin Poulin with a rebound.
7:25 of 2nd period - Shot by Nic Dowd.
7:25 of 2nd period - Shot Blocked by Ben Harpur.
7:27 of 2nd period - Shot by Scott Wilson.
7:27 of 2nd period - Stopped by Kevin Poulin without a rebound.
7:28 of 2nd period - Victor Rask wins face-off versus Aleksi Saarela in Phantoms zone.
7:28 of 2nd period - Victor Rask is hit by Drake Caggiula.
7:38 of 2nd period - Shot by Drake Caggiula.
7:38 of 2nd period - Stopped by Kevin Poulin with a rebound.
7:47 of 2nd period - Victor Rask is hit by Drake Caggiula.
7:50 of 2nd period - Kerby Rychel is hit by Alexander Petrovic and loses puck.
9:25 of 2nd period - Off-side.
9:26 of 2nd period - Lane Pederson wins face-off versus Luke Henman in neutral zone.
10:51 of 2nd period - Shot by Aleksi Saarela.
10:51 of 2nd period - Shot Blocked by Manuel Wiederer.
10:53 of 2nd period - Shot by Aleksi Saarela.
10:53 of 2nd period - Stopped by Kevin Poulin without a rebound.
10:54 of 2nd period - Justin Kirkland wins face-off versus Victor Rask in Phantoms zone.
11:07 of 2nd period - Victor Rask is hit by Justin Kirkland and loses puck.
11:15 of 2nd period - Brady Keeper is hit by Nicolas Hague and loses puck.
11:35 of 2nd period - Minor Penalty to Justin Kirkland for Holding.
11:36 of 2nd period - Anthony Greco wins face-off versus Tyler Sikura in Roadrunners zone.
11:36 of 2nd period - Anthony Greco is hit by Seth Griffith.
11:56 of 2nd period - Icing by Seth Griffith.
11:57 of 2nd period - Tyler Sikura wins face-off versus Anthony Greco in Phantoms zone.
12:57 of 2nd period - Shot by Brady Keeper.
12:57 of 2nd period - Shot Misses the Net.
12:59 of 2nd period - Shot by Ben Harpur.
12:59 of 2nd period - Stopped by Zachary Fucale without a rebound.
13:00 of 2nd period - Anthony Greco wins face-off versus Victor Rask in Roadrunners zone.
13:19 of 2nd period - Shot by Victor Rask.
13:19 of 2nd period - Stopped by Zachary Fucale with a rebound.
13:23 of 2nd period - Shot by Michael McCarron.
13:23 of 2nd period - Stopped by Zachary Fucale without a rebound.
13:24 of 2nd period - Drake Caggiula wins face-off versus Tyler Sikura in Roadrunners zone.
13:35 of 2nd period - Shot by Tyler Sikura.
13:35 of 2nd period - Shot Misses the Net.
13:43 of 2nd period - Shot by Roland McKeown.
13:43 of 2nd period - Stopped by Kevin Poulin without a rebound.
13:44 of 2nd period - Nic Dowd wins face-off versus Adam Mascherin in Phantoms zone.
13:44 of 2nd period - Nic Dowd is hit by Jarred Tinordi.
16:17 of 2nd period - Shot by Roland McKeown.
16:17 of 2nd period - Stopped by Kevin Poulin without a rebound.
16:18 of 2nd period - Tyler Sikura wins face-off versus Nic Dowd in Phantoms zone.
16:18 of 2nd period - Tyler Sikura is hit by Gabriel Dumont.
17:18 of 2nd period - Icing by Justin Kirkland.
17:19 of 2nd period - Victor Rask wins face-off versus Justin Kirkland in Roadrunners zone.
17:39 of 2nd period - Shot by Justin Kirkland.
17:39 of 2nd period - Shot Misses the Net.
17:41 of 2nd period - Shot by Kole Lind.
17:41 of 2nd period - Shot Blocked by Brady Keeper.
18:00 of 2nd period - Brady Keeper is hit by Drake Caggiula.
18:08 of 2nd period - Shot by Aleksi Saarela.
18:08 of 2nd period - Shot Blocked by Ben Harpur.
18:10 of 2nd period - Shot by Anthony Greco.
18:10 of 2nd period - Stopped by Kevin Poulin with a rebound.
18:19 of 2nd period - Minor Penalty to Ben Harpur for Hooking.
18:20 of 2nd period - Julien Gauthier wins face-off versus Nic Dowd in Phantoms zone.
18:41 of 2nd period - Shot by Tyler Sikura.
18:41 of 2nd period - Shot Misses the Net.
18:43 of 2nd period - Shot by Jake Mccabe.
18:43 of 2nd period - Stopped by Zachary Fucale without a rebound.
18:44 of 2nd period - Julien Gauthier wins face-off versus Aleksi Saarela in Roadrunners zone.
19:08 of 2nd period - Icing by Nicolas Hague.
19:09 of 2nd period - Aleksi Saarela wins face-off versus Seth Griffith in Roadrunners zone.
19:44 of 2nd period - Shot by Brad Hunt.
19:44 of 2nd period - Shot Blocked by Tyler Sikura.
19:46 of 2nd period - Shot by Gabriel Dumont.
19:46 of 2nd period - Goal by Gabriel Dumont - Phantoms : 0 - Roadrunners : 3.
19:47 of 2nd period - Nic Dowd wins face-off versus Victor Rask in neutral zone.
Goals for this period are 0 for Phantoms vs 2 for Roadrunners.
Shots for this period are 5 for Phantoms vs 13 for Roadrunners.

3rd period


0:01 of 3rd period - Aleksi Saarela wins face-off versus Tyler Sikura in neutral zone.
0:34 of 3rd period - Shot by Julien Gauthier.
0:34 of 3rd period - Shot Misses the Net.
1:00 of 3rd period - Icing by Nicolas Hague.
1:01 of 3rd period - Victor Rask wins face-off versus Nic Dowd in Roadrunners zone.
1:01 of 3rd period - Victor Rask is hit by Nicolas Hague.
1:06 of 3rd period - Icing by Nicolas Hague.
1:07 of 3rd period - Victor Rask wins face-off versus Nic Dowd in Roadrunners zone.
1:07 of 3rd period - Victor Rask is hit by Mac Hollowell.
3:08 of 3rd period - Shot by Aleksi Saarela.
3:08 of 3rd period - Stopped by Kevin Poulin with a rebound.
3:22 of 3rd period - Shot by Brad Hunt.
3:22 of 3rd period - Stopped by Kevin Poulin without a rebound.
3:23 of 3rd period - Nic Dowd wins face-off versus Victor Rask in Phantoms zone.
3:30 of 3rd period - Shot by Scott Wilson.
3:30 of 3rd period - Stopped by Kevin Poulin without a rebound.
3:31 of 3rd period - Nic Dowd wins face-off versus Victor Rask in Phantoms zone.
3:56 of 3rd period - Shot by Brad Hunt.
3:56 of 3rd period - Shot Blocked by Brady Keeper.
3:59 of 3rd period - Icing by Kerby Rychel.
4:00 of 3rd period - Victor Rask wins face-off versus Aleksi Saarela in Phantoms zone.
4:00 of 3rd period - Victor Rask is hit by Drake Caggiula.
4:41 of 3rd period - Icing by Tyler Sikura.
4:42 of 3rd period - Scott Wilson wins face-off versus Tyler Sikura in Phantoms zone.
4:50 of 3rd period - Icing by Joshua Jacobs.
4:51 of 3rd period - Lane Pederson wins face-off versus Tyler Sikura in Phantoms zone.
5:00 of 3rd period - Jake Mccabe is hit by Alexander Petrovic and loses puck.
5:18 of 3rd period - Off-side.
5:19 of 3rd period - Lucas Wallmark wins face-off versus Aleksi Saarela in neutral zone.
5:28 of 3rd period - Aleksi Saarela is hit by Adam Mascherin and loses puck.
5:41 of 3rd period - Shot by Adam Mascherin.
5:41 of 3rd period - Stopped by Zachary Fucale without a rebound.
5:42 of 3rd period - Nic Dowd wins face-off versus Victor Rask in Roadrunners zone.
6:01 of 3rd period - Shot by Kerby Rychel.
6:01 of 3rd period - Stopped by Zachary Fucale with a rebound.
6:03 of 3rd period - Shot by Jarred Tinordi.
6:03 of 3rd period - Shot Misses the Net.
6:33 of 3rd period - Scott Wilson is hit by Jake Mccabe and loses puck.
7:01 of 3rd period - Mac Hollowell is hit by Tyler Sikura and loses puck.
7:07 of 3rd period - Off-side.
7:08 of 3rd period - Adam Erne wins face-off versus Lucas Wallmark in neutral zone.
7:42 of 3rd period - Lucas Wallmark is hit by Roland McKeown and loses puck.
7:53 of 3rd period - Icing by Ben Harpur.
7:54 of 3rd period - Lucas Wallmark wins face-off versus Aleksi Saarela in Phantoms zone.
8:05 of 3rd period - Shot by Drake Caggiula.
8:05 of 3rd period - Stopped by Kevin Poulin without a rebound.
8:06 of 3rd period - Nic Dowd wins face-off versus Tyler Sikura in Phantoms zone.
8:06 of 3rd period - Gabriel Dumont is hit by Jake Mccabe and loses puck.
8:14 of 3rd period - Gabriel Dumont is hit by Jake Mccabe and loses puck.
8:32 of 3rd period - Off-side.
8:33 of 3rd period - Aleksi Saarela wins face-off versus Victor Rask in neutral zone.
8:56 of 3rd period - Shot by Michael McCarron.
8:56 of 3rd period - Goal by Michael McCarron - Phantoms : 1 - Roadrunners : 3.
8:57 of 3rd period - Justin Kirkland wins face-off versus Tyler Sikura in neutral zone.
9:31 of 3rd period - Shot by Justin Kirkland.
9:31 of 3rd period - Stopped by Kevin Poulin without a rebound.
9:32 of 3rd period - Aleksi Saarela wins face-off versus Victor Rask in Phantoms zone.
9:42 of 3rd period - Icing by Brady Keeper.
9:43 of 3rd period - Nic Dowd wins face-off versus Victor Rask in Phantoms zone.
9:46 of 3rd period - Shot by Gabriel Dumont.
9:46 of 3rd period - Shot Misses the Net.
10:00 of 3rd period - Shot by Gabriel Dumont.
10:00 of 3rd period - Shot Misses the Net.
10:10 of 3rd period - Shot by Scott Wilson.
10:10 of 3rd period - Stopped by Kevin Poulin without a rebound.
10:11 of 3rd period - Tyler Sikura wins face-off versus Aleksi Saarela in Phantoms zone.
10:13 of 3rd period - Icing by Joshua Jacobs.
10:14 of 3rd period - Tyler Sikura wins face-off versus Aleksi Saarela in Phantoms zone.
10:16 of 3rd period - Icing by Seth Griffith.
10:17 of 3rd period - Aleksi Saarela wins face-off versus Tyler Sikura in Phantoms zone.
11:00 of 3rd period - Jake Mccabe is hit by Drake Caggiula and loses puck.
11:17 of 3rd period - Scott Wilson is hit by Julien Gauthier and loses puck.
11:33 of 3rd period - Nicolas Hague is hit by Ben Harpur and loses puck.
11:34 of 3rd period - Minor Penalty to Ben Harpur for Roughing.
11:35 of 3rd period - Nic Dowd wins face-off versus Manuel Wiederer in Phantoms zone.
11:35 of 3rd period - Nic Dowd is hit by Patrick Sieloff.
11:41 of 3rd period - Shot by Scott Wilson.
11:41 of 3rd period - Stopped by Kevin Poulin with a rebound.
11:49 of 3rd period - Shot by Mac Hollowell.
11:49 of 3rd period - Shot Misses the Net.
11:51 of 3rd period - Shot by Gabriel Dumont.
11:51 of 3rd period - Stopped by Kevin Poulin with a rebound.
11:53 of 3rd period - Shot by Mac Hollowell.
11:53 of 3rd period - Deflect By Gabriel Dumont.
11:53 of 3rd period - Goal by Gabriel Dumont - Phantoms : 1 - Roadrunners : 4.
11:54 of 3rd period - Michael McCarron wins face-off versus Justin Kirkland in neutral zone.
12:07 of 3rd period - Shot by Victor Rask.
12:07 of 3rd period - Stopped by Zachary Fucale without a rebound.
12:08 of 3rd period - Aleksi Saarela wins face-off versus Lucas Wallmark in Roadrunners zone.
12:43 of 3rd period - Shot by Jarred Tinordi.
12:43 of 3rd period - Shot Misses the Net.
12:45 of 3rd period - Shot by Jarred Tinordi.
12:45 of 3rd period - Goal by Jarred Tinordi - Phantoms : 2 - Roadrunners : 4.
12:46 of 3rd period - Nic Dowd wins face-off versus Tyler Sikura in neutral zone.
13:23 of 3rd period - Shot by Tyler Sikura.
13:23 of 3rd period - Shot Misses the Net.
13:25 of 3rd period - Shot by Tyler Sikura.
13:25 of 3rd period - Stopped by Zachary Fucale without a rebound.
13:26 of 3rd period - Victor Rask wins face-off versus Justin Kirkland in Roadrunners zone.
13:41 of 3rd period - Shot by Roland McKeown.
13:41 of 3rd period - Stopped by Kevin Poulin with a rebound.
13:43 of 3rd period - Shot by Kevin Roy.
13:43 of 3rd period - Goal by Kevin Roy - Phantoms : 2 - Roadrunners : 5.
13:44 of 3rd period - Aleksi Saarela wins face-off versus Lucas Wallmark in neutral zone.
13:57 of 3rd period - Shot by Adam Mascherin.
13:57 of 3rd period - Goal by Adam Mascherin - Phantoms : 3 - Roadrunners : 5.
13:58 of 3rd period - Tyler Sikura wins face-off versus Justin Kirkland in neutral zone.
13:58 of 3rd period - Tyler Sikura is hit by Justin Kirkland.
14:16 of 3rd period - Shot by Julien Gauthier.
14:16 of 3rd period - Stopped by Zachary Fucale without a rebound.
14:17 of 3rd period - Kerby Rychel wins face-off versus Aleksi Saarela in Roadrunners zone.
14:45 of 3rd period - Drake Caggiula is hit by Ben Harpur.
14:49 of 3rd period - Shot by Anthony Greco.
14:49 of 3rd period - Stopped by Kevin Poulin without a rebound.
14:50 of 3rd period - Tyler Sikura wins face-off versus Nic Dowd in Phantoms zone.
15:05 of 3rd period - Shot by Gabriel Dumont.
15:05 of 3rd period - Shot Misses the Net.
15:07 of 3rd period - Shot by Scott Wilson.
15:07 of 3rd period - Stopped by Kevin Poulin without a rebound.
15:08 of 3rd period - Kole Lind wins face-off versus Adam Mascherin in Phantoms zone.
15:43 of 3rd period - Minor Penalty to Roland McKeown for Interference.
15:44 of 3rd period - Aleksi Saarela wins face-off versus Tyler Sikura in Roadrunners zone.
15:44 of 3rd period - Aleksi Saarela is hit by Seth Griffith.
16:20 of 3rd period - Shot by Jake Mccabe.
16:20 of 3rd period - Stopped by Zachary Fucale without a rebound.
16:21 of 3rd period - Victor Rask wins face-off versus Anthony Greco in Roadrunners zone.
16:36 of 3rd period - Shot by Brady Keeper.
16:36 of 3rd period - Stopped by Zachary Fucale without a rebound.
16:37 of 3rd period - Victor Rask wins face-off versus Drake Caggiula in Roadrunners zone.
16:46 of 3rd period - Shot by Joshua Jacobs.
16:46 of 3rd period - Shot Misses the Net.
16:48 of 3rd period - Shot by Joshua Jacobs.
16:48 of 3rd period - Deflect By Michael McCarron.
16:48 of 3rd period - Shot Blocked by Nicolas Hague.
16:50 of 3rd period - Shot by Joshua Jacobs.
16:50 of 3rd period - Shot Misses the Net.
16:58 of 3rd period - Shot by Joshua Jacobs.
16:58 of 3rd period - Stopped by Zachary Fucale with a rebound.
17:30 of 3rd period - Shot by Julien Gauthier.
17:30 of 3rd period - Shot Misses the Net.
18:21 of 3rd period - Shot by Kole Lind.
18:21 of 3rd period - Deflect By Kevin Roy.
18:21 of 3rd period - Stopped by Kevin Poulin without a rebound.
18:22 of 3rd period - Lane Pederson wins face-off versus Luke Henman in Phantoms zone.
18:24 of 3rd period - Adam Erne is hit by Joshua Jacobs and loses puck.
18:31 of 3rd period - Shot by Adam Erne.
18:31 of 3rd period - Stopped by Kevin Poulin without a rebound.
18:32 of 3rd period - Aleksi Saarela wins face-off versus Victor Rask in Phantoms zone.
18:33 of 3rd period - Shot by Drake Caggiula.
18:33 of 3rd period - Stopped by Kevin Poulin without a rebound.
18:34 of 3rd period - Anthony Greco wins face-off versus Tyler Sikura in Phantoms zone.
18:38 of 3rd period - Icing by Jake Mccabe.
18:39 of 3rd period - Aleksi Saarela wins face-off versus Tyler Sikura in Phantoms zone.
18:51 of 3rd period - Icing by Jake Mccabe.
18:52 of 3rd period - Gabriel Dumont wins face-off versus Tyler Sikura in Phantoms zone.
19:01 of 3rd period - Shot by Tyler Sikura.
19:01 of 3rd period - Goal by Tyler Sikura - Phantoms : 4 - Roadrunners : 5.
19:02 of 3rd period - Aleksi Saarela wins face-off versus Seth Griffith in neutral zone.
19:17 of 3rd period - Icing by Jake Mccabe.
19:18 of 3rd period - Tyler Sikura wins face-off versus Aleksi Saarela in Phantoms zone.
19:23 of 3rd period - Phantoms, Kevin Poulin is pulled from the net.
19:23 of 3rd period - Shot by Joshua Jacobs.
19:23 of 3rd period - Shot Blocked by Alexander Petrovic.
Goals for this period are 4 for Phantoms vs 2 for Roadrunners.
Shots for this period are 12 for Phantoms vs 16 for Roadrunners.